 Dungeon Crawl Stone Soup version 0.29-a0-286-g41199d4a87 (webtiles) character file.

Game seed: 4820751030214271033

266 Dabor the Skirmisher (level 6, -2/39 HPs)
             Began as a Gargoyle Fighter on Mar 15, 2022.
             Slain by a black bear (6 damage)
             ... on level 4 of the Dungeon.
             The game lasted 00:04:13 (3154 turns).

Dabor the Skirmisher (Gargoyle Fighter)             Turns: 3154, Time: 00:04:13

Health: -2/39      AC: 11    Str: 22    XL:     6   Next: 20%
Magic:  6/6        EV:  9    Int:  8    God:
Gold:   115        SH:  4    Dex:  9    Spells: 5/5 levels left

rFire   . . .      SeeInvis .   q - +1 long sword (vamp)
rCold   . . .      Faith    .   c - +0 buckler
rNeg    + . .      Spirit   .   b - +0 scale mail
rPois   ∞          Reflect  .   (no helmet)
rElec   +          Harm     .   (no cloak)
rCorr   .          Rampage  .   (no gloves)
Will    +....                   (no boots)
Stlth   ..........              (no amulet)
HPRegen 0.13/turn               g - ring of willpower
MPRegen 0.10/turn               (no ring)

@: no status effects
A: sickness immunity, AC +4, negative energy resistance 1, electricity
resistance, torment resistance 1, petrification resistance
a: no special abilities


You were on level 4 of the Dungeon.
You visited 1 branch of the dungeon, and saw 4 of its levels.

You collected 122 gold pieces.
You donated 7 gold pieces to Zin.

Inventory:

Hand Weapons
 a - a +0 flail
 q - a +1 vampiric long sword (weapon)
Armour
 b - a +0 scale mail (worn)
 c - a +0 buckler (worn)
Jewellery
 g - a ring of willpower (left hand)
Wands
 n - a wand of flame (11)
 p - a wand of polymorph (18)
Scrolls
 h - a scroll of summoning {unknown}
 j - 4 scrolls of teleportation {unknown}
 k - a scroll of enchant weapon {unknown}
 l - a scroll of magic mapping {unknown}
 m - 4 scrolls of identify {unknown}
 o - a scroll of vulnerability {unknown}
Potions
 d - a potion of might
 e - a potion of curing {unknown}
 f - 2 potions of degeneration {unknown}
 i - 2 potions of heal wounds {unknown}
 r - a potion of haste {unknown}


   Skills:
 + Level 4.6 Fighting
 + Level 3.5 Maces & Flails
 + Level 4.6 Armour
 + Level 4.6 Shields


You had 5 spell levels left.
You didn't know any spells.
Your spell library contained the following spells:

 Spells                   Type           Power      Damage    Failure   Level
 Magic Dart               Conj           0%         1d3       80%         1
 Slow                     Hex            0%         N/A       80%         1
 Call Imp                 Summ           0%         N/A       91%         2
 Wereblood                Tmut           0%         N/A       91%         2
 Confusing Touch          Hex            0%         N/A       99%         3
 Mephitic Cloud           Conj/Pois/Air  0%         N/A       99%         3
 Vampiric Draining        Necr           0%         2d6       99%         3
 Summon Hydra             Summ           0%         N/A       100%        7
 Sublimation of Blood     Necr           Unusable   N/A       N/A         2

Dungeon Overview and Level Annotations

Branches:
Dungeon (4/15)
 Temple: D:4-7

Altars:
Cheibriados
Fedhas
Gozag
Qazlal
Zin

Shops:
D:1 =


Innate Abilities, Weirdness & Mutations

You are immune to sickness and miasma.
Your stone body is resilient. (AC +4)
You are immune to poison.
You resist negative energy. (rN+)
You are resistant to electric shocks. (rElec)
You are resistant to unholy torment.
You are immune to petrification.


Message History

The black bear closely misses you.
The black bear claws you but does no damage.
You closely miss the black bear.
The black bear is heavily wounded.
You block the black bear's attack.
The black bear claws you but does no damage.
The black bear barely misses you.
You hit the black bear.
You feel better.
The black bear is severely wounded.
The black bear goes berserk!
The black bear bites you!
The black bear claws you but does no damage. x2
You hit the black bear.
You feel better.
The black bear is severely wounded.
The black bear bites you.
The black bear claws you but does no damage. x2
The black bear bites you. The black bear completely misses you.
The black bear claws you but does no damage.
You hit the black bear but do no damage.
The black bear is severely wounded.
You block the black bear's attack.
The black bear claws you but does no damage.
You block the black bear's attack. The black bear bites you.
You block the black bear's attack. The black bear barely misses you.
You barely miss the black bear.
The black bear is severely wounded.
The black bear bites you but does no damage.
The black bear claws you but does no damage. x2
The black bear closely misses you.
The black bear claws you but does no damage.
You block the black bear's attack.
You barely miss the black bear.
The black bear is severely wounded.
The black bear bites you.
The black bear claws you but does no damage.
The black bear claws you.
* * * LOW HITPOINT WARNING * * *
The black bear bites you!
* * * LOW HITPOINT WARNING * * *
You block the black bear's attack. The black bear claws you.
You die...

######## #......# #.####.#
##.######### #.# #.# #
........h@.###.####.#
###.##.##....####........#.#
......# #... #####.##.#†#
........... #.##.#.# ###.##
### #.##.#.# # #.# #......#
# #|# ####.### # #.# ##+##
#..# ###.# ##...## ##.#


You could see a black bear (berserk).

Vanquished Creatures
  A scorpion (D:3)
  Natasha (thrice) (D:2)
  A gnoll (D:1)
  4 adders
  A shadow imp (D:3)
  A worm (D:3)
  4 dart slugs
  An orc (D:3)
  6 bats
  6 endoplasms
  4 giant cockroaches
  6 goblins
  7 hobgoblins
  5 jackals (D:1)
  3 quokkas
  4 ball pythons
  4 frilled lizards
  4 kobolds
  9 rats
74 creatures vanquished.

Notes
Turn   | Place    | Note
-------+----------+-------------------------------------------
     0 | D:1      | Dabor the Gargoyle Fighter began the quest for the Orb.
     0 | D:1      | Reached XP level 1. HP: 14/14 MP: 1/1
    18 | D:1      | Found Xeehutor's Jewellery Shop.
    94 | D:1      | Reached XP level 2. HP: 19/19 MP: 2/2
   254 | D:1      | Reached XP level 3. HP: 20/24 MP: 3/3
  1615 | D:2      | Reached XP level 4. HP: 29/29 MP: 4/4
  1675 | D:2      | Noticed Natasha
  1678 | D:2      | Killed Natasha
  1840 | D:2      | Noticed Natasha
  1849 | D:2      | Killed Natasha
  1930 | D:2      | Found a faded altar of an unknown god.
  1972 | D:2      | Noticed Natasha
  1976 | D:2      | Killed Natasha
  1977 | D:2      | Reached XP level 5. HP: 31/33 MP: 5/5
  2196 | D:2      | Prayed at the altar of an unknown god.
  2196 | D:2      | Became a worshipper of Zin the Law-Giver
  2196 | D:2      | Reached * piety under Zin
  2197 | D:2      | Fell from the grace of Zin
  2363 | D:3      | Found a snail-covered altar of Cheibriados.
  2382 | D:3      | Found a stormy altar of Qazlal.
  2664 | D:3      | Found an opulent altar of Gozag.
  2692 | D:3      | Reached XP level 6. HP: 15/39 MP: 6/6
  2901 | D:3      | Found a blossoming altar of Fedhas.
  3135 | D:4      | Noticed a black bear
  3154 | D:4      | Slain by a black bear

Illustrated notes

Levels and vault maps discovered:
D:1:      nicolae_arrival_memento_mori, layout_basic, serial_shops, shop,
          bh_walls_and_bars
D:2:      layout_rooms, shapermc_ecumenical_altar_flowoftime, uniq_natasha
D:3:      layout_rooms, nicolae_overflow_hidden_temple, grunt_qazlal_clouds,
          mainiacjoe_overflow_two_lobes
D:4:      layout_loops_corners, minmay_misc_feat_more_columns

Skill      XL: |  1  2  3  4 |
---------------+-------------+-----
Fighting       | 4 |  4.6
Shields        | 4 |  4.6
Armour         | 4 |  4.6
Maces & Flails | 3 |  3.5

Action                   |  1- 3 |  4- 6 || total
-------------------------+-------+-------++-------
Melee: Flail             |   140 |    86 ||   226
       Long sword        |       |    31 ||    31
Invok: Renounce Religion |       |     1 ||     1
Armor: Scale mail        |    94 |    99 ||   193
Dodge: Dodged            |    91 |    66 ||   157
Block: Buckler           |    31 |    29 ||    60

Table legend: (Time is in decaauts)
 A = Elapsed time spent in this place.
 B = Non-inter-level travel time spent in this place.
 C = Inter-level travel time spent in this place.
 D = Time resting spent in this place.
 E = Time spent auto-exploring this place.
 F = Levels seen in this place.
 G = Mean time per level.
                   A        B        C        D        E       F      G
               +--------+--------+--------+--------+--------+-----+--------+
         Total |   3235 |   3076 |    159 |    426 |   2080 |   4 |  808.8 |
       Dungeon |   3235 |   3076 |    159 |    426 |   2080 |   4 |  808.8 |
               +--------+--------+--------+--------+--------+-----+--------+

Top non-repeatable levels by time:
     D:1: 1559 daAuts
     D:3: 796 daAuts
     D:2: 729 daAuts
     D:4: 150 daAuts
